 Dungeon Crawl Stone Soup version 0.31.0-32-g396128a36d (webtiles) character file.

Game seed: 10862781499550676456

70 firemarshallily the Covered (level 4, -1/38 HPs)
             Began as an Armataur Fighter on Apr 15, 2024.
             Slain by an orc
             ... wielding a +0 vampiric hand axe
              (3 damage)
             ... on level 3 of the Dungeon.
             The game lasted 00:02:31 (1728 turns).

firemarshallily the Covered (Armataur Fighter)      Turns: 1728, Time: 00:02:31

Health: -1/38      AC:  7    Str: 23    XL:     4   Next: 3%
Magic:  4/4        EV: 12    Int:  8    God:
Gold:   82         SH:  4    Dex: 10    Spells: 3/3 levels left

rFire   . . .        a - +0 flail
rCold   . . .        c - +0 buckler
rNeg    . . .        b - +0 scale mail
rPois   .            (no helmet)
rElec   .            (no cloak)
rCorr   .            (no gloves)
SInv    .            (no barding)
Will    .....        g - amulet of regeneration Stlth
                     i - +5 ring of evasion
HPRegen 1.06/turn    (no ring)
MPRegen 0.42/turn

%: roll
@: mighty, attractive, hasted, very quick
A: large, deformed body, tough skin 3, armoured tail, roll 1
a: no special abilities


You were on level 3 of the Dungeon.
You visited 1 branch of the dungeon, and saw 3 of its levels.

You collected 82 gold pieces.

Inventory:

Hand Weapons
 a - a +0 flail (weapon)
Missiles
 o - 14 stones (quivered)
 q - 6 poisoned darts
Armour
 b - a +0 scale mail (worn)
 c - a +0 buckler (worn)
Jewellery
 g - an amulet of regeneration (around neck)
 i - a +5 ring of evasion (left hand)
Scrolls
 e - 4 scrolls of teleportation {unknown}
 f - a scroll of enchant armour {unknown}
 n - a scroll of brand weapon {unknown}
 p - 2 scrolls of identify {unknown}
 s - a scroll of vulnerability {unknown}
 t - a scroll of fog {unknown}
Potions
 h - a potion of brilliance {unknown}
 j - a potion of berserk rage {unknown}
 k - a potion of ambrosia {unknown}
 l - 3 potions of attraction
 m - a potion of resistance {unknown}
 r - a potion of haste


   Skills:
 * Level 3.4 Fighting
 * Level 2.6 Maces & Flails
 + Level 4.1 Armour
 + Level 3.6 Shields


You had 3 spell levels left.
You didn't know any spells.
Your spell library contained the following spells:

 Spells                   Type           Power      Damage    Failure   Level
 Scorch                   Fire           0%         2d5       89%         2
 Flame Wave               Conj/Fire      0%         2d4       100%        4
 Summon Cactus Giant      Summ           0%         N/A       100%        6


Dungeon Overview and Level Annotations

Branches:
Dungeon (3/15)

Altars:


Innate Abilities, Weirdness & Mutations

Armour fits poorly on your strangely shaped body.
You have extremely tough skin. (AC +3)
You have a long armoured tail.
You regenerate magic when rolling toward enemies. (Rampage MPRegen)


Message History

You barely miss the orc wizard.
Your tail-slap misses the orc wizard.
The orc wizard is heavily wounded.
The orc hits you with a +0 vampiric hand axe.
You block the hobgoblin's attack. The orc barely misses you.
The orc wizard hits you with a +0 dagger.
You miss the orc wizard.
The orc wizard is heavily wounded.
The orc barely misses you.
The orc wizard hits you but does no damage.
The orc barely misses you.
The hobgoblin hits you but does no damage.
The hobgoblin hits you. The orc closely misses you.
The orc hits you with a +0 war axe.
The orc wizard points at you and mumbles some strange words.
The magic dart hits you.
You hit the orc wizard.
Your tail-slap misses the orc wizard.
The orc wizard is almost dead.
The orc hits you with a +0 vampiric hand axe.
The orc hits you with a +0 war axe!
The orc wizard casts a spell.
The orc wizard flickers and vanishes!
Deactivating autopickup; reactivate with Ctrl-A.
You block the hobgoblin's attack.
You feel very mighty all of a sudden.
An adder comes into view.
The orc hits you with a +0 vampiric hand axe.
* * * LOW HITPOINT WARNING * * *
The orc hits you with a +0 war axe.
* * * LOW HITPOINT WARNING * * *
Something hits you but does no damage. The hobgoblin closely misses you.
It was a potion of attraction.
You feel attractive to monsters. The orc misses you. Something hits you.
* * * LOW HITPOINT WARNING * * *
The orc misses you. The hobgoblin hits you.
* * * LOW HITPOINT WARNING * * *
The adder is attracted toward you.
It was a potion of haste.
You feel yourself speed up.
The orc hits you with a +0 vampiric hand axe.
You die...

#.....# ##.....#
........ #.....#
#...... ##.#..####
##...goo..###
#...b{@.....##
#.ยง.S#.......#
...#. #.......# #.
) # #.......###.#
#.# #...........#
#.### #.......#####
#.#.# .........###
#.#.# ...........#
#.#.#
#####.####.#####...


You could see an adder, 2 orcs, a hobgoblin and a bat.

Vanquished Creatures
  2 adders
  5 bats
  6 endoplasms
  3 giant cockroaches
  6 goblins
  3 hobgoblins
  5 jackals
  3 kobolds
  2 quokkas
  6 ball pythons
  3 rats
44 creatures vanquished.

Notes
Turn   | Place    | Note
-------+----------+-------------------------------------------
     0 | D:1      | firemarshallily the Armataur Fighter began the quest for
                  | the Orb.
     0 | D:1      | Reached XP level 1. HP: 18/18 MP: 1/1
   199 | D:1      | Reached XP level 2. HP: 25/25 MP: 2/2
   739 | D:1      | Reached XP level 3. HP: 31/31 MP: 3/3
   910 | D:2      | Reached skill level 4 in Armour
  1288 | D:2      | Found a faded altar of an unknown god.
  1576 | D:3      | Reached XP level 4. HP: 38/38 MP: 4/4
  1727 | D:3      | HP: 1/38 [hobgoblin (1)]
  1728 | D:3      | Slain by an orc

Illustrated notes

Levels and vault maps discovered:
D:1:      saegor_arrival_simple_d, layout_loops_ring, serial_bayou,
          serial_bayou_pond_e, serial_bayou_pond_e, serial_bayou_pond_b,
          serial_bayou_lagoon_a, minivault_27, nicolae_twisty_statue_hallways
D:2:      layout_rooms, shapermc_ecumenical_altar_mp_vishouse
D:3:      layout_loops_ring, nicolae_overflow_hidden_temple, st_stairs_3,
          grunt_ministairs_7, nicolae_concentric_dashed_squares_mild

Skill      XL: |  1  2  3 |
---------------+----------+-----
Maces & Flails | 2 |  2.6
Fighting       | 3 |  3.4
Armour         | 4 |  4.1
Shields        | |  3.6

Action                     |  1- 3 |  4- 6 || total
---------------------------+-------+-------++-------
  Melee: Flail             |   137 |    13 ||   150
         Tailslap          |    16 |       ||    16
    Use: Potion            |       |     3 ||     3
 Armour: Scale mail        |    89 |    28 ||   117
  Dodge: Dodged            |    74 |    22 ||    96
  Block: Buckler           |    30 |     7 ||    37
